 Dungeon Crawl Stone Soup version 0.29-a0-378-gc08b2e8bf8 (webtiles) character file.

Game seed: 17031756360196634403

3075 ryw the Skirmisher (level 9, 0/69 (71) HPs)
             Began as a Demonspawn Monk on May 5, 2022.
             Slain by an orc warrior
             ... wielding a +0 war axe
              (8 damage)
             ... on level 8 of the Dungeon.
             The game lasted 00:18:06 (8213 turns).

ryw the Skirmisher (Demonspawn Monk)                Turns: 8213, Time: 00:18:06

HP:   0/69 (71)     AC: 11    Str: 19    XL:     9   Next: 58%
MP:   9/9           EV: 12    Int: 12    God:
Gold: 97            SH: 16    Dex: 18    Spells: 8/8 levels left

rFire   . . .      SeeInvis .   a - +0 broad axe
rCold   . . .      Faith    .   r - +1 tower shield
rNeg    . . .      Spirit   .   j - quicksilver dragon scales
rPois   .          Reflect  .   (helmet restricted)
rElec   .          Harm     .   x - scarf {+Inv}
rCorr   .          Rampage  .   B - +1 pair of gloves {hurl}
Will    +....                   (no boots)
Stlth   ++........              (no amulet)
HPRegen 0.21/turn               v - +6 ring of strength
MPRegen 0.11/turn               (no ring)

@: lightly drained
A: antennae 2, foul stench 2, spiny 1, sturdy frame 2
a: Evoke Invisibility


You were on level 8 of the Dungeon.
You visited 1 branch of the dungeon, and saw 8 of its levels.

You collected 305 gold pieces.
You spent 208 gold pieces at shops.

Inventory:

Hand Weapons
 a - a +0 broad axe (weapon)
 c - a +0 short sword
 l - a +2 whip of electrocution
Missiles
 n - 6 javelins (quivered)
 p - 11 poisoned darts
 q - 12 boomerangs
Armour
 j - quicksilver dragon scales (worn)
 r - a +1 tower shield (worn)
 u - a +0 plate armour
 x - a scarf of invisibility (worn)
 B - a +1 pair of gloves of hurling (worn)
Jewellery
 k - a ring of wizardry
 v - a +6 ring of strength (left hand)
 y - an amulet of regeneration
Wands
 h - a wand of iceblast (10)
 o - a wand of digging (5)
 s - a wand of paralysis (10)
 w - a wand of flame (31)
 E - a wand of acid (12)
Scrolls
 m - a scroll of teleportation
 A - a scroll of silence
 H - a scroll of blinking
Potions
 b - a potion of ambrosia
 d - 3 potions of heal wounds
 e - 3 potions of curing
 f - 3 potions of resistance
 g - 3 potions of might
 i - a potion of invisibility
 t - a potion of lignification
 z - a potion of mutation
 C - a potion of attraction
 F - a potion of cancellation


   Skills:
 - Level 6.4 Fighting
 - Level 2.4 Short Blades
 + Level 0.0(1.2) Axes
 - Level 2.2 Maces & Flails
 + Level 4.2 Throwing
 - Level 1.7 Armour
 + Level 6.2 Dodging
 - Level 1.7 Stealth
 + Level 5.4 Shields
 - Level 2.6 Unarmed Combat
 + Level 5.0 Evocations


You had 8 spell levels left.
You didn't know any spells.
Your spell library contained the following spells:

 Spells                   Type           Power      Damage    Failure   Level
 Animate Dead             Necr           0%         N/A       100%        4
 Blade Hands              Tmut           0%         N/A       100%        5
 Irradiate                Conj/Tmut      0%         3d13      100%        5
 Dragon Form              Tmut           0%         N/A       100%        7
 Haunt                    Necr/Summ      0%         N/A       100%        7
 Infestation              Necr           0%         N/A       100%        8


Dungeon Overview and Level Annotations

Branches:
Dungeon (8/15)             Temple (0/1) D:7
   Lair: D:8-11

Altars:
Gozag
Ru

Shops:
D:3 *

Annotations:
D:5 2 transporters, Starbright's ghost, novice OpVM
D:7 3 runed translucent doors, thiscave3701365's ghost, novice MiBe


Innate Abilities, Weirdness & Mutations

You have a pair of antennae on your head.
You sometimes emit foul miasma when damaged in melee.
You are partially covered in sharp spines.
Your movements are less encumbered by armour. (ER -4)


Message History

You slash the orc warrior!
The orc warrior is moderately wounded.
You barely miss the wight. You barely miss the orc. You hit the orc wizard.
The orc is struck by your spines.
You kill the orc!
You block the orc priest's attack. You block the wight's attack.
The orc warrior closely misses you. You block the orc wizard's attack.
The orc wizard is struck by your spines.
You kill the orc wizard!
The orc priest mumbles some strange prayers to Beogh against you.
Beogh smites you!
* * * LOW HITPOINT WARNING * * *
The orc warrior hits you with a +0 war axe!
* * * LOW HITPOINT WARNING * * *
The wight closely misses you.
Okay, then.
Unknown command.
Unknown command.
Unknown command.
Okay, then.
You feel much better.
The orc warrior is struck by your spines.
The orc warrior hits you with a +0 war axe!!
* * * LOW HITPOINT WARNING * * *
The orc priest hits you but does no damage.
You block the wight's attack.
You are too injured to fight recklessly!
Unknown command.
You completely miss the orc warrior.
The orc warrior is heavily wounded.
You hit the wight. You block the orc warrior's attack.
The wight hits you with a +0 flail.
* * * LOW HITPOINT WARNING * * *
The orc priest barely misses you. You block the orc priest's attack.
The wight hits you with a +0 flail.
* * * LOW HITPOINT WARNING * * *
You feel drained.
* * * LOW HITPOINT WARNING * * *
The orc warrior hits you with a +0 war axe!
You die...

..... ###....#....#####.....
#....###............###......
##..........†..##.....##...###
#..............###.......##
..........##..####......#
..##....####.............# .
......####.............#
......##...).............
.###..#....o@)...........
#.......)zo...........
.....o..............
....................
...................
.................
................
...............


You could see an orc warrior, a wight and 2 orc priests.

Vanquished Creatures
  Pikel (D:6)
  A troll (D:7)
  A wyvern (D:8)
  Eustachio (D:3)
  A water moccasin (D:3)
  2 orc warriors
  2 ice beasts
  A sky beast (D:7)
  An ogre (D:3)
  2 centaurs
  3 lemures
  A kobold brigand (D:6)
  A bullfrog (D:7)
  3 scorpions
  2 necrophages
  2 howler monkeys
  3 jellies
  2 hounds
  An orc priest (D:2)
  Crazy Yiuf (D:2)
  A gnoll shaman (D:7)
  Terence (D:3)
  7 iguanas
  6 orc wizards
  4 gnolls (D:7)
  5 adders
  A shadow imp (D:6)
  2 white imps
  An ufetubus (D:3)
  3 worms
  A dart slug (D:1)
  28 orcs
  3 ball pythons
  4 bats
  9 endoplasms
  3 giant cockroaches
  8 goblins
  11 hobgoblins
  2 jackals
  8 kobolds
  4 quokkas
  3 frilled lizards
  4 rats
151 creatures vanquished.

Vanquished Creatures (others)
  A fungus (D:2)
1 creature vanquished.

Grand Total: 152 creatures vanquished

Notes
Turn   | Place    | Note
-------+----------+-------------------------------------------
     0 | D:1      | ryw the Demonspawn Monk began the quest for the Orb.
     0 | D:1      | Reached XP level 1. HP: 18/18 MP: 1/1
   244 | D:1      | Gained mutation: You are partially covered in sharp spines.
                  | [demonic ancestry]
   244 | D:1      | Reached XP level 2. HP: 24/24 MP: 2/2
   392 | D:1      | You fall into a shaft and drop 1 floor!
   453 | D:2      | Noticed Terence
   668 | D:2      | Reached skill level 1 in Short Blades
   805 | D:2      | Gained mutation: Your movements are slightly less
                  | encumbered by armour. (ER -2) [demonic ancestry]
   805 | D:2      | Reached XP level 3. HP: 30/30 MP: 3/3
  1455 | D:2      | Reached XP level 4. HP: 35/37 MP: 4/4
  1525 | D:3      | Reached skill level 1 in Throwing
  1609 | D:3      | Found a sacrificial altar of Ru.
  1666 | D:3      | Found a faded altar of an unknown god.
  1758 | D:3      | Reached skill level 1 in Maces & Flails
  1758 | D:3      | Reached skill level 1 in Armour
  1758 | D:3      | Gained mutation: Your movements are less encumbered by
                  | armour. (ER -4) [demonic ancestry]
  1758 | D:3      | Reached XP level 5. HP: 43/43 MP: 5/5
  2006 | D:3      | Found Azoeson's Assorted Antiques.
  2124 | D:3      | Killed Terence
  2175 | D:4      | Noticed a water moccasin
  2306 | D:4      | Gained mutation: You may rarely emit foul miasma when
                  | damaged in melee. [demonic ancestry]
  2306 | D:4      | Reached XP level 6. HP: 46/49 MP: 6/6
  2424 | D:4      | Noticed Eustachio
  2599 | D:3      | Killed Eustachio
  2600 | D:3      | Reached skill level 5 in Fighting
  2600 | D:3      | Reached skill level 1 in Shields
  2717 | D:3      | Killed a water moccasin
  2718 | D:3      | Gained mutation: You sometimes emit foul miasma when
                  | damaged in melee. [demonic ancestry]
  2718 | D:3      | Reached XP level 7. HP: 16/56 MP: 7/7
  3414 | D:5      | Entered Level 5 of the Dungeon
  3463 | D:5      | Found a transporter.
  3560 | D:3      | Bought a glowing scarf for 208 gold pieces
  3877 | D:5      | Reached skill level 1 in Evocations
  3994 | D:5      | Found a transporter.
  3999 | D:5      | Noticed Starbright's ghost (novice OpVM)
  4028 | D:5      | Gained mutation: You have a pair of small antennae on your
                  | head. [demonic ancestry]
  4028 | D:5      | Reached XP level 8. HP: 59/64 MP: 8/8
  4580 | D:6      | Noticed Pikel
  5341 | D:6      | Killed Pikel
  5342 | D:6      | Reached skill level 5 in Dodging
  5528 | D:6      | Gained mutation: You have a pair of antennae on your head.
                  | [demonic ancestry]
  5528 | D:6      | Reached XP level 9. HP: 68/71 MP: 9/9
  6418 | D:2      | Found a runed translucent door.
  6419 | D:2      | Noticed Crazy Yiuf
  6431 | D:2      | Killed Crazy Yiuf
  6701 | D:7      | Found a staircase to the Ecumenical Temple.
  7114 | D:7      | Found a runed translucent gate.
  7114 | D:7      | Found a runed translucent gate.
  7115 | D:7      | Found a runed translucent gate.
  7120 | D:7      | Found an opulent altar of Gozag.
  7145 | D:7      | Noticed a seven-headed hydra
  7146 | D:7      | Noticed thiscave3701365's ghost (novice MiBe)
  7520 | D:8      | Noticed a troll
  7538 | D:7      | Killed a troll
  7539 | D:7      | Reached skill level 5 in Shields
  8209 | D:8      | Reached skill level 5 in Evocations
  8213 | D:8      | Slain by an orc warrior

Illustrated notes

Levels and vault maps discovered:
D:1:      dpeg_arrival_rooms_b, layout_rooms, minmay_indecisive_spiral
D:2:      layout_rooms, minmay_heptomino_h4, uniq_crazy_yiuf_cottage,
          uniq_terence
D:3:      layout_loops_ring, mainiacjoe_overflow_tiny_flanked,
          hellmonk_ecumenical_altar_zigzags, serial_shops, shop, serial_glass,
          glass_columns_a, glass_columns_b, glass_columns_b, glass_columns_c,
          glass_columns_a, glass_columns_b, glass_columns_b, glass_columns_b,
          bh_walls_and_bars
D:4:      layout_rooms, serial_glass, glass_columns_b, glass_columns_a,
          glass_columns_a, glass_columns_b, glass_columns_c, glass_columns_a,
          minmay_close_crescents, uniq_eustachio
D:5:      layout_rooms, gammafunk_ghost_stat_death, kennysheep_generic_room_5
D:6:      layout_layer_cave, portal_sewer_entry_d, uniq_pikel
D:7:      layout_loops_cross, minmay_temple_entry_waves, ebering_ghost_gozag
D:8:      layout_layer_cave

Skill      XL: |  1  2  3  4  5  6  7  8  9 |
---------------+----------------------------+-----
Short Blades   | 1 2 |  2.4
Fighting       | 4 5 6 |  6.4
Throwing       | 1 2 4 |  4.2
Maces & Flails | 1 2 |  2.2
Armour         | 1 |  1.7
Dodging        | 3 4 5 6 |  6.2
Shields        | 1 3 4 5 |  5.4
Evocations     | 1 3 5 |  5.0
Stealth        | |  1.7
Unarmed Combat | |  2.6

Action                   |  1- 3 |  4- 6 |  7- 9 || total
-------------------------+-------+-------+-------++-------
Melee: Short sword       |    34 |       |       ||    34
       Unarmed           |     5 |       |       ||     5
       Whip              |    50 |   102 |   260 ||   412
       Punch             |     1 |       |       ||     1
       Broad axe         |       |       |     6 ||     6
Throw: Javelin           |       |       |    12 ||    12
       Boomerang         |       |       |     4 ||     4
  Use: Scroll            |       |     7 |    14 ||    21
       Potion            |       |       |     1 ||     1
 Stab: Sleeping          |     2 |     3 |     4 ||     9
       Distracted        |       |     1 |       ||     1
Armor: Robe              |     3 |       |       ||     3
       Quicksilver drago |    14 |    52 |   102 ||   168
Dodge: Dodged            |    47 |    62 |   110 ||   219
Block: Tower shield      |       |    63 |   276 ||   339

Table legend: (Time is in decaauts)
 A = Elapsed time spent in this place.
 B = Non-inter-level travel time spent in this place.
 C = Inter-level travel time spent in this place.
 D = Time resting spent in this place.
 E = Time spent auto-exploring this place.
 F = Levels seen in this place.
 G = Mean time per level.
                   A        B        C        D        E       F      G
               +--------+--------+--------+--------+--------+-----+--------+
         Total |   8389 |   7774 |    615 |   1243 |   4935 |   8 | 1048.6 |
       Dungeon |   8389 |   7774 |    615 |   1243 |   4935 |   8 | 1048.6 |
               +--------+--------+--------+--------+--------+-----+--------+

Top non-repeatable levels by time:
     D:6: 1642 daAuts
     D:3: 1470 daAuts
     D:2: 1124 daAuts
     D:5: 1062 daAuts
     D:7: 993 daAuts
     D:4: 963 daAuts
     D:1: 580 daAuts
     D:8: 553 daAuts
